 Dungeon Crawl Stone Soup version 0.19-a0-465-g1d1674b (webtiles) character file.

21 ololoev the Firebug (level 2, 3/15 HPs)
             Began as a Deep Elf Fire Elementalist on June 3, 2016.
             Quit the game on level 3 of the Dungeon.
             The game lasted 00:04:42 (472 turns).

ololoev the Firebug (Deep Elf Fire Elementalist)     Turns: 472, Time: 00:04:43

Health: 3/15       AC:  2    Str:  5    XL:     2   Next: 62%
Magic:  1/8        EV: 13    Int: 19    God:
Gold:   52         SH:  0    Dex: 15    Spells: 1 memorised, 6 levels left

rFire  . . .     SeeInvis .     (no weapon)
rCold  . . .     Gourm    .     a - +0 robe
rNeg   . . .     Faith    .     (no shield)
rPois  .         Spirit   .     (no helmet)
rElec  .         Dismiss  .     (no cloak)
rCorr  .         Reflect  .     (no gloves)
SustAt .         Harm     .     (no boots)
MR     .....                    (no amulet)
Stlth  ++........               (no ring)
                                (no ring)

@: not resistant to hostile enchantments, unstealthy
A: no striking features
a: no special abilities

Inventory:

Armour
 a - a +0 robe (worn)
Scrolls
 h - 3 scrolls of fear {unknown}
 i - a scroll of recharging {unknown}
 l - a scroll of fog {unknown}
 n - a scroll of remove curse {unknown}
Potions
 d - 2 potions of brilliance {unknown}
 e - a potion of lignification {unknown}
 g - 2 potions of degeneration {unknown}
 j - a potion of haste {unknown}
 k - a potion of curing {unknown}
Books
 b - a book of Flames

   Spells                             Type                      Level
   a - Flame Tongue                   Conjuration/Fire             1
   b - Throw Flame                    Conjuration/Fire             2
   c - Conjure Flame                  Conjuration/Fire             3
   d - Inner Flame                    Hexes/Fire                   3
   e - Sticky Flame                   Conjuration/Fire             4
   f - Fireball                       Conjuration/Fire             5
Comestibles
 c - 2 bread rations
 f - 2 meat rations
 m - a beef jerky


   Skills:
 - Level 2.4 Dodging
 - Level 2.4 Stealth
 + Level 3.1 Spellcasting
 * Level 2.1 Conjurations
 + Level 3.7 Fire Magic


You had 6 spell levels left.
You knew the following spells:

 Your Spells              Type           Power        Failure   Level  Hunger
a - Flame Tongue          Conj/Fire      ##...        6%          1    None


You were on level 3 of the Dungeon.
You were not hungry.

You visited 1 branch of the dungeon, and saw 3 of its levels.

You collected 52 gold pieces.

## .. ##. #### #
..###.. ...#o.#
.......#.?...o. ..
###@..o# # #..
#⌠h##'##.⌠ ...
#.....o...
#.##.#####..(....#
.###. ..#...#g........
....##.#...'..._...+.
#.....#g..#.......#
#..##...#..####........
#............#.........

Notes
Turn   | Place    | Note
--------------------------------------------------------------
     0 | D:1      | ololoev the Deep Elf Fire Elementalist began the quest for the Orb.
     0 | D:1      | Reached XP level 1. HP: 10/10 MP: 6/6
   295 | D:2      | Reached XP level 2. HP: 15/15 MP: 0/8
   465 | D:3      | Found a shattered altar of Ashenzari.
   472 | D:3      | Quit the game

Dungeon Overview and Level Annotations

Branches:
Dungeon (3/15)

Altars:
Ashenzari


Message History

You kill the rat!
h - 3 scrolls labeled DAEMUGR DYKASM (gained 1)
n - a scroll labeled ABRAOZ GUNNOTS You see here a bat corpse.
There is a stone staircase leading down here.
You climb downwards.
The jackal closely misses you.
The giant cockroach bites you but does no damage.
The jackal bites you. x2
There is a stone staircase leading up here.
Casting: Flame Tongue
Confirm with . or Enter, or press ? or * to list all spells.
Aiming: Flame Tongue
Press: ? - help, Shift-Dir - straight line, f - jackal
Aim: a jackal
Okay, then.
A goblin comes into view.
The goblin wields a hunting sling.
The goblin shoots a stone.
The stone barely misses you. The giant cockroach misses you.
The goblin shoots a stone.
The stone hits you.
Casting: Flame Tongue
Confirm with . or Enter, or press ? or * to list all spells.
Aiming: Flame Tongue
Press: ? - help, Shift-Dir - straight line, f - giant cockroach
Aim: a giant cockroach (clinging)
The flame tongue hits the giant cockroach.
The giant cockroach appears unharmed.
The giant cockroach barely misses you.
The goblin shoots a stone.
The stone completely misses you.
The stone barely misses the giant cockroach.
The stone hits the jackal.
Casting: Flame Tongue
Confirm with . or Enter, or press ? or * to list all spells.
Aiming: Flame Tongue
Press: ? - help, Shift-Dir - straight line, f/p - giant cockroach
Aim: a giant cockroach (clinging)
The flame tongue hits the giant cockroach.
You kill the giant cockroach!
The jackal bites you but does no damage.
Casting: Flame Tongue
Confirm with . or Enter, or press ? or * to list all spells.
Aiming: Flame Tongue
Press: ? - help, Shift-Dir - straight line, f - jackal
Aim: a jackal (severely wounded)
The flame tongue hits the jackal.
You kill the jackal!
The goblin shoots a stone.
The stone misses you.
The stone hits the jackal!
The jackal dies!
Casting: Flame Tongue
Confirm with . or Enter, or press ? or * to list all spells.
Aiming: Flame Tongue
Press: ? - help, Shift-Dir - straight line, f - jackal
Aim: a jackal The flame tongue misses the jackal.
The goblin shoots a stone.
The stone hits you. The jackal bites you.
The goblin unwields an uncursed hunting sling.
The goblin misses you. The goblin closely misses you.
The goblin closely misses you. The jackal bites you. The jackal misses you.
Casting: Flame Tongue
Confirm with . or Enter, or press ? or * to list all spells.
Aiming: Flame Tongue
Press: ? - help, Shift-Dir - straight line, f/p - jackal
Aim: a jackal The flame tongue misses the jackal.
The jackal closely misses you.
The jackal bites you but does no damage.
You open the door. The jackal barely misses you. The jackal closely misses you.
Found a shattered altar of Ashenzari.
The goblin wields an uncursed hunting sling.
The goblin shoots a stone.
The stone barely misses you.
There is an open door here.
An orc priest comes into view.
The jackal bites you.
Found a scroll labeled FOMNEL AFUA. 2 orc wizards come into view.
The orc wizard mumbles some strange words.
The orc wizard seems to speed up.
The jackal bites you.
You hear a bark!
An orc wizard comes into view. It is wielding a dagger.
An orc priest opens the door.
Are you sure you want to abandon this character and quit the game? (Confirm with "yes".)

You could see an orc priest, 3 orc wizards, a jackal and a goblin.

Vanquished Creatures
  A dart slug (D:2)
  3 giant cockroaches
  A hobgoblin (D:2)
  A jackal (D:3)
  4 kobolds
  A quokka (D:2)
  5 bats
  A giant newt (D:2)
  4 rats
21 creatures vanquished.

Vanquished Creatures (others)
  A jackal (D:3)
1 creature vanquished.

Grand Total: 22 creatures vanquished

Action                   || total
-------------------------++-------
Melee: Unarmed           ||     2
 Cast: Flame Tongue      ||    32
Armor: Robe              ||    13
Dodge: Dodged            ||    33

Vault maps used:
D:1:      onia_arrival_mini_maze, minmay_door_square
D:3:      grunt_temple_overflow_open, evilmike_ruin_ashenzari,
          mrwooster_statue_mirror
